 Dungeon Crawl Stone Soup version 0.29-a0-1027-gcd8c55af63 (webtiles) character file.

Game seed: 7401618151635068278

334 sanka the Conjurer (level 6, -1/44 HPs)
             Began as a Gnoll Conjurer on Aug 13, 2022.
             Slain by Blork the orc
             ... wielding a +0 scimitar
              (12 damage)
             ... on level 4 of the Dungeon.
             The game lasted 00:05:42 (4290 turns).

sanka the Conjurer (Gnoll Conjurer)                 Turns: 4290, Time: 00:05:42

Health: -1/44      AC:  4    Str:  6    XL:     6   Next: 53%
Magic:  2/14       EV: 13    Int: 20    God:
Gold:   110        SH:  0    Dex: 10    Spells: 8/15 levels left

rFire   . . .      SeeInvis +   a - +0 halberd
rCold   . . .      Faith    .   (shield currently unavailable)
rNeg    . . .      Spirit   .   m - +0 robe
rPois   .          Reflect  .   (no helmet)
rElec   .          Harm     .   (no cloak)
rCorr   .          Rampage  .   p - +0 pair of gloves
Will    .....                   h - +0 pair of boots
Stlth   ++........              (no amulet)
HPRegen 0.14/turn               (no ring)
MPRegen 0.14/turn               t - ring of see invisible

@: very slightly contaminated
A: fangs 1, strong nose, distributed training
a: no special abilities


You were on level 4 of the Dungeon.
You visited 1 branch of the dungeon, and saw 4 of its levels.

You collected 110 gold pieces.


Innate Abilities, Weirdness & Mutations

You have very sharp teeth.
Your uncanny sense of smell can sniff out nearby items.
Your experience applies equally to all skills.


   Skills:
 + Level 2.1 Fighting
 + Level 2.1 Short Blades
 + Level 2.1 Long Blades
 + Level 2.1 Axes
 + Level 2.1 Maces & Flails
 + Level 2.1 Polearms
 + Level 2.1 Staves
 + Level 2.1 Ranged Weapons
 + Level 2.1 Throwing
 + Level 2.1 Armour
 + Level 5.0 Dodging
 + Level 4.6 Stealth
 + Level 2.1 Shields
 + Level 2.1 Unarmed Combat
 + Level 5.4 Spellcasting
 + Level 7.3 Conjurations
 + Level 1.6 Hexes
 + Level 1.6 Summonings
 + Level 1.6 Necromancy
 + Level 1.6 Translocations
 + Level 1.6 Transmutations
 + Level 1.6 Fire Magic
 + Level 1.6 Ice Magic
 + Level 1.6 Air Magic
 + Level 1.6 Earth Magic
 + Level 1.6 Poison Magic
 + Level 2.3 Invocations
 + Level 2.1 Evocations


You had 8 spell levels left.
You knew the following spells:

 Your Spells              Type           Power      Damage    Failure   Level
x - Searing Ray           Conj           68%        2d6       1%          2
z - Magic Dart            Conj           100%       1d8       1%          1
Z - Fulminant Prism       Conj/Hex       11%        3d9       17%         4

Your spell library contained the following spells:

 Spells                   Type           Power      Damage    Failure   Level
 Summon Small Mammal      Summ           48%        N/A       5%          1
 Dazzling Flash           Conj/Hex       46%        N/A       5%          3
 Iskenderun's Mystic Bla  Conj/Tloc      23%        2d6       17%         4
 Agony                    Necr           12%        N/A       83%         5
 Silence                  Hex/Air        6%         N/A       83%         5

Inventory:

Hand Weapons
 a - a +0 halberd (weapon)
 b - a +2 dagger of speed
Armour
 h - a +0 pair of boots (worn)
 m - a +0 robe (worn)
 p - a +0 pair of gloves (worn)
Jewellery
 t - a ring of see invisible (right hand)
Wands
 v - a wand of flame (25)
Scrolls
 c - 5 scrolls of identify {unknown}
 d - 5 scrolls of blinking {unknown}
 e - a scroll of fear {unknown}
 g - 2 scrolls of poison {unknown}
 i - a scroll of amnesia {unknown}
 j - 2 scrolls of enchant weapon {unknown}
 k - 2 scrolls of teleportation {unknown}
 n - a scroll of vulnerability {unknown}
 s - a scroll of brand weapon {unknown}
 w - a scroll of magic mapping {unknown}
Potions
 f - a potion of mutation {unknown}
 l - 2 potions of magic
 o - a potion of haste {unknown}
 q - 2 potions of heal wounds {unknown}
 r - a potion of might {unknown}
 u - a potion of attraction {unknown}
 x - a potion of berserk rage {unknown}

Dungeon Overview and Level Annotations

Branches:
Dungeon (4/15)
 Temple: D:4-7

Altars:
Nemelex Xobeh
Okawaru
Sif Muna
Trog
Uskayaw

Shops:
D:1 (

Annotations:
D:4 Blork the orc

▒▒▒ ▒.....▒ ..▒▒ ▒.....▒▒
...▒ ▒...▒..▒ ...▒
▒▒▒▒▒▒.▒ ...▒ ▒)▒▒ ...▒
▒▒..▒ ...▒ ▒▒▒ ▒▒▒▒▒▒..▒▒
..▒▒ ▒▒.▒▒▒▒▒▒▒▒▒........▒
...▒▒▒...▒▒.)..og...▒▒▒▒▒▒
.▒.......)÷▒▒▒▒▒▒▒▒▒▒
.▒▒......▒▒▒ ▒▒.▒▒.....▒
▒▒.▒......▒ ▒▒.▒......▒
▒▒.......▒▒ ▒.▒▒.....▒
▒▒▒▒▒....▒


You could see Blork the orc (fast).


Message History

Blork the orc casts a spell at you.
The puff of frost hits your fulminant prism.
The gnoll barely misses you.
You closely miss the gnoll.
The gnoll is moderately wounded.
The gnoll hits you with a +0 flail!
* * * LOW HITPOINT WARNING * * *
Blork the orc hits your fulminant prism with a +0 scimitar.
Your fulminant prism crackles loudly.
The gnoll hits you with a +0 flail.
* * * LOW HITPOINT WARNING * * *
Blork the orc hits your fulminant prism with a +0 scimitar!
Your fulminant prism explodes!
The blast of energy engulfs Blork the orc.
Blork the orc is moderately wounded.
You puncture the gnoll!
You kill the gnoll!
Unknown command.
Unknown command.
Aiming: Searing Ray (safe; 1% risk of failure)
The searing ray hits Blork the orc.
Blork the orc is moderately wounded. (Press . to maintain the ray.) Blork the orc casts a spell at you.
The puff of flame hits you.
* * * LOW HITPOINT WARNING * * *
The searing ray hits Blork the orc.
Blork the orc is heavily wounded.
Blork the orc hits you with a +0 scimitar!
You die...

Action                   |  1- 3 |  4- 6 || total
-------------------------+-------+-------++-------
Melee: Mace              |     1 |       ||     1
       Halberd           |       |     4 ||     4
 Cast: Magic Dart        |    53 |    78 ||   131
       Searing Ray       |     1 |     9 ||    10
       Fulminant Prism   |       |     1 ||     1
Armor: Robe              |     1 |     1 ||     2
Dodge: Dodged            |     5 |     4 ||     9

Levels and vault maps discovered:
D:1:      shiori_shiawase, layout_basic, serial_shops,
          nicolae_shop_window_shopping
D:2:      minmay_skewed_foursquare, layout_basic
D:3:      layout_loops_cross, nzn_overflow_gifts_of_might_and_magic,
          mainiacjoe_overflow_paths, okawaru_gym_becter,
          nicolae_uskayaw_dance_hall, chequers_ecumenical_altar_simple
D:4:      layout_cave_pods, minitemple, serial_shops, shop, minmay_lizard_king,
          uniq_blork_the_orc

Notes
Turn   | Place    | Note
-------+----------+-------------------------------------------
     0 | D:1      | sanka the Gnoll Conjurer began the quest for the Orb.
     0 | D:1      | Reached XP level 1. HP: 13/13 MP: 6/6
    47 | D:1      | Found Jimivoc's Antique Weapon Shop.
   174 | D:1      | Reached XP level 2. HP: 19/19 MP: 4/7
   205 | D:1      | Learned a level 2 spell: Searing Ray
   645 | D:1      | Reached skill level 5 in Spellcasting
   645 | D:1      | Reached XP level 3. HP: 23/25 MP: 4/9
  1113 | D:2      | Identified the +0 ring mail "Modin" {Str+5 Int+3}
  1165 | D:2      | Reached skill level 1 in Invocations
  1245 | D:2      | Reached skill level 1 in Fighting
  1245 | D:2      | Reached skill level 1 in Short Blades
  1245 | D:2      | Reached skill level 1 in Long Blades
  1245 | D:2      | Reached skill level 1 in Axes
  1245 | D:2      | Reached skill level 1 in Maces & Flails
  1245 | D:2      | Reached skill level 1 in Polearms
  1245 | D:2      | Reached skill level 1 in Staves
  1245 | D:2      | Reached skill level 1 in Ranged Weapons
  1245 | D:2      | Reached skill level 1 in Throwing
  1245 | D:2      | Reached skill level 1 in Armour
  1245 | D:2      | Reached skill level 1 in Shields
  1245 | D:2      | Reached skill level 1 in Unarmed Combat
  1245 | D:2      | Reached skill level 1 in Evocations
  1247 | D:2      | Reached XP level 4. HP: 32/32 MP: 2/11
  1686 | D:2      | Reached skill level 1 in Hexes
  1686 | D:2      | Reached skill level 1 in Summonings
  1686 | D:2      | Reached skill level 1 in Necromancy
  1686 | D:2      | Reached skill level 1 in Translocations
  1686 | D:2      | Reached skill level 1 in Transmutations
  1686 | D:2      | Reached skill level 1 in Fire Magic
  1686 | D:2      | Reached skill level 1 in Ice Magic
  1686 | D:2      | Reached skill level 1 in Air Magic
  1686 | D:2      | Reached skill level 1 in Earth Magic
  1686 | D:2      | Reached skill level 1 in Poison Magic
  2758 | D:2      | Learned a level 4 spell: Fulminant Prism
  2773 | D:3      | Found a sparkling altar of Nemelex Xobeh.
  2782 | D:3      | Found an iron altar of Okawaru.
  2812 | D:3      | Found a faded altar of an unknown god.
  3157 | D:3      | Reached XP level 5. HP: 34/37 MP: 6/12
  3197 | D:3      | Found a shimmering blue altar of Sif Muna.
  3204 | D:3      | Got Sif Muna's Compilation of Attendants
  3209 | D:3      | Found a bloodstained altar of Trog.
  3302 | D:3      | Found a hide-covered altar of Uskayaw.
  3871 | D:4      | Noticed a black bear
  3888 | D:4      | Killed a black bear
  3889 | D:4      | Reached skill level 2 in Fighting
  3889 | D:4      | Reached skill level 2 in Short Blades
  3889 | D:4      | Reached skill level 2 in Long Blades
  3889 | D:4      | Reached skill level 2 in Axes
  3889 | D:4      | Reached skill level 2 in Maces & Flails
  3889 | D:4      | Reached skill level 2 in Polearms
  3889 | D:4      | Reached skill level 2 in Staves
  3889 | D:4      | Reached skill level 2 in Ranged Weapons
  3889 | D:4      | Reached skill level 2 in Throwing
  3889 | D:4      | Reached skill level 2 in Armour
  3889 | D:4      | Reached skill level 5 in Dodging
  3889 | D:4      | Reached skill level 2 in Shields
  3889 | D:4      | Reached skill level 2 in Unarmed Combat
  3889 | D:4      | Reached skill level 2 in Invocations
  3889 | D:4      | Reached skill level 2 in Evocations
  3889 | D:4      | Reached XP level 6. HP: 42/44 MP: 8/14
  4243 | D:4      | Noticed Blork the orc
  4290 | D:4      | Slain by Blork the orc

Vanquished Creatures
  A black bear (D:4)
  A hound (D:4)
  12 gnolls
  2 adders (D:4)
  A white imp (D:3)
  An ufetubus (D:4)
  A dart slug (D:1)
  3 endoplasms
  5 giant cockroaches
  7 goblins
  8 hobgoblins
  2 jackals (D:1)
  2 quokkas (D:1)
  7 ball pythons
  6 bats
  7 frilled lizards
  6 kobolds
  5 rats
77 creatures vanquished.

Vanquished Creatures (others)
  A fulminant prism (D:4)
  8 plants (D:4)
9 creatures vanquished.

Grand Total: 86 creatures vanquished
